 Dungeon Crawl Stone Soup version 0.17-a0-1900-g45e8110 (webtiles) character file.

968 ololoev the Chopper (level 7, 0/66 HPs)
             Began as a Deep Dwarf Fighter on Sept 24, 2015.
             Was a Follower of Makhleb.
             Slain by an orc warrior
             ... wielding a +0 battleaxe
              (18 damage)
             ... on level 8 of the Dungeon.
             The game lasted 00:11:07 (1285 turns).

ololoev the Chopper (Deep Dwarf Fighter)            Turns: 1285, Time: 00:11:07

Health: 0/66       AC: 13    Str: 27    XL:     7   Next: 93%
Magic:  10/10      EV:  5    Int:  8    God:    Makhleb [*.....]
Gold:   156        SH: 10    Dex: 12    Spells: 0 memorised, 6 levels left

rFire  . . .     SeeInvis .     a - +0 war axe
rCold  . . .     Clarity  .     t - +0 plate armour
rNeg   . . .     SustAt   .     c - +0 shield
rPois  .         Gourm    .     (no helmet)
rElec  .         Spirit   .     (no cloak)
rCorr  .         Warding  .     r - +0 pair of gloves
rMut   .         Stasis   .     (no boots)
MR     +....                    (no amulet)
Stlth  ..........               (no ring)
                                (no ring)

@: mighty, non-regenerating, somewhat resistant to hostile enchantments,
extremely unstealthy
A: damage resistance, recharge devices, sense surroundings 1, slow healing 3
a: Device Recharging, Renounce Religion


Innate Abilities, Weirdness & Mutations

You are resistant to damage.
You can recharge devices by infusing magical energy.
You passively map a small area around you.
You do not heal naturally.

Inventory:

Hand weapons
 a - a +0 war axe (weapon)
Armour
 c - a +0 shield (worn)
 r - a +0 pair of gloves (worn)
 t - a +0 plate armour (worn)
Magical devices
 e - a wand of heal wounds (4)
 y - a wand of enslavement (20)
Scrolls
 h - a scroll of recharging {unknown}
 i - 3 scrolls of enchant armour {unknown}
 j - a scroll of noise {unknown}
 k - a scroll of identify {unknown}
 m - 2 scrolls of remove curse {unknown}
 p - a scroll of blinking {unknown}
 s - a scroll of immolation {unknown}
 u - a scroll of teleportation {unknown}
 w - a scroll of magic mapping {unknown}
Potions
 b - a potion of magic {unknown}
 d - a potion of might
 l - a potion of resistance {unknown}
 n - a potion of curing {unknown}
 q - a potion of brilliance {unknown}
 v - a potion of haste {unknown}
 x - a potion of poison {unknown}
 z - a potion of cancellation {unknown}
 A - a potion of degeneration {unknown}
 B - a potion of heal wounds {unknown}
Comestibles
 f - 2 bread rations
 g - 2 meat rations
 o - 3 chunks of flesh


   Skills:
 + Level 4.4 Fighting
 * Level 6.6 Axes
 + Level 5.6 Armour
 - Level 3.2 Shields
 + Level 5.1 Invocations


You had 6 spell levels left.
You didn't know any spells.


You were on level 8 of the Dungeon.
You worshipped Makhleb.
Makhleb was aware of your devotion.
You were not hungry.

You visited 1 branch of the dungeon, and saw 8 of its levels.
You also visited: Sewer.

You collected 156 gold pieces.

<.# #(..### #.#*#. * ###
#.#.# #.##. * *, .##
##(#.### #.#>. .. ..#
#))#...####.#.# #..# ,
#.###)(..#....#.#.##...#
* ............#.#.#...Z#
##................####*
##.##.####..##(.Z(#####.,
, ...##.#
##.....@o....... ...##.#
#(..#o#o.#o###. , ..###.#
##..#.##o# # ...##.#
#.$#.# o# ** ..###.#
#..... .. ,, * , .###..
#.#... o#.* ##*.. ...,
o..# # .# ... ,. ###.###
*

Notes
Turn   | Place    | Note
--------------------------------------------------------------
     0 | D:1      | ololoev the Deep Dwarf Fighter began the quest for the Orb.
     0 | D:1      | Reached XP level 1. HP: 20/20 MP: 1/1
    70 | D:2      | Reached XP level 2. HP: 25/27 MP: 2/2
   241 | D:3      | Found a burning altar of Makhleb.
   358 | D:3      | Became a worshipper of Makhleb the Destroyer
   438 | D:4      | Found a glowing golden altar of the Shining One.
   445 | D:5      | Entered Level 5 of the Dungeon
   472 | D:5      | Noticed a centaur
   490 | D:5      | Killed a centaur
   490 | D:5      | Reached skill level 4 in Armour
   490 | D:5      | Reached skill level 1 in Invocations
   490 | D:5      | Reached XP level 3. HP: 31/34 MP: 2/4
   490 | D:5      | Reached XP level 4. HP: 38/42 MP: 2/5
   540 | D:5      | Noticed an ice beast
   551 | D:5      | Killed an ice beast
   551 | D:5      | Reached XP level 5. HP: 30/49 MP: 6/6
   634 | D:5      | Found a glowing drain.
   638 | Sewer    | Entered a sewer
   884 | D:5      | Reached XP level 6. HP: 26/57 MP: 8/8
   890 | D:6      | Acquired Makhleb's first power
   991 | D:7      | Reached skill level 5 in Axes
   997 | D:7      | Found a staircase to the Ecumenical Temple.
  1103 | D:8      | Reached skill level 5 in Armour
  1103 | D:8      | Reached XP level 7. HP: 26/64 MP: 10/10
  1218 | D:8      | Noticed Psyche
  1227 | D:8      | Killed Psyche
  1227 | D:8      | Reached skill level 6 in Axes
  1227 | D:8      | Reached skill level 5 in Invocations
  1285 | D:8      | Slain by an orc warrior

Dungeon Overview and Level Annotations

Branches:
Dungeon (8/15)             Temple (0/1) D:7
   Lair: D:8-11

Altars:
Makhleb
The Shining One


Message History

Makhleb accepts your kill.
You feel better.
Your shield and plate armour prevent you from hitting the hound zombie.
You closely miss the orc wizard.
The orc wizard is severely wounded.
You block the orc wizard's attack. The hound zombie barely misses you.
The orc moves out of view.
The orc priest invokes the aid of Beogh against you.
Something smites you! The orc hits you but does no damage.
You block the hound zombie's attack.
You barely miss the orc warrior. You completely miss the hound zombie.
You barely miss the orc wizard.
The orc wizard gestures at you while chanting.
The magic dart hits you!
The hound zombie bites you but does no damage.
The orc hits you but does no damage.
Unknown command.
Unknown command.
You slice the orc warrior!!
The orc warrior is severely wounded.
You closely miss the orc wizard.
The orc wizard is severely wounded.
Your plate armour prevents you from hitting the orc wizard.
You slash the hound zombie!
The hound zombie bites you but does no damage.
The orc wizard barely misses you. You block the orc warrior's attack.
The orc hits you but does no damage. You block the orc wizard's attack.
The orc wizard hits you with a dagger.
The hound zombie bites you but does no damage.
Unknown command.
Unknown command.
You hit the orc warrior.
The orc warrior is severely wounded.
Your shield prevents you from hitting the hound zombie.
You hit the orc wizard.
The orc wizard is severely wounded.
You miss the orc wizard.
The orc wizard is severely wounded.
The orc warrior hits you with a battleaxe!!
You die...

You could see an orc warrior, 2 orc wizards, 3 orcs and a hound zombie.

Vanquished Creatures
  Psyche (D:8)
  An ice beast (D:5)
  A sky beast (D:7)
  2 centaurs
  2 giant frog zombies
  A hound (D:8)
  A jelly (D:8)
  2 orc wizards (D:8)
  A worker ant (D:6)
  A hound zombie (D:8)
  A hound skeleton (D:8)
  5 adders
  A river rat (D:5)
  A worm (D:2)
  An adder skeleton (D:8)
  A giant gecko (D:5)
  8 orcs
  2 bats (D:1)
  A giant cockroach (D:3)
  2 goblins
  2 hobgoblins (D:1)
  7 jackals
  8 kobolds
  A giant newt (Sewer)
  A quokka (D:7)
  A quokka zombie (D:8)
  5 rats
61 creatures vanquished.

Action                   |  1- 3 |  4- 6 |  7- 9 || total
-------------------------+-------+-------+-------++-------
Melee: War axe           |    44 |   194 |    55 ||   293
Evoke: Wand              |     1 |       |       ||     1
  Use: Potion            |       |       |     2 ||     2
  Eat: Chunk             |       |     1 |     1 ||     2

Vault maps used:
D:1:      dpeg_arrival_water_temple_mockup
D:2:      lemuel_doored_altar, nemelex_deck, yredelemnul_altar_generic,
          ashenzari_altar_1
D:3:      nicolae_overflow_hidden_temple, ecumenical_altar_1
D:4:      lemuel_crystal_altar
D:5:      minmay_goblin_kobold_castle, first_bread, gup_sewer_entry_bowl
D:6:      grunt_dithmenos_shadows, uniq_grinder
D:7:      minmay_temple_entry_purple_smoke, serial_shops, shop,
          uniq_prince_ribbit1
D:8:      uniq_psyche
Sewer:    sewer_co_scattered_pipes
